 Dungeon Sprint DCSS version 0.20-a0-1086-g4bd2f5b (webtiles) character file.

18958 Krakonus1 the Imperceptible (level 12, -4/69 HPs)
             Began as a Felid Monk on May 1, 2017.
             Was the Champion of Dithmenos.
             Slain by a cyan ugly thing (12 damage)
             ... in the Dungeon (Sprint IX: "|||||||||||||||||||||||||||||").
             The game lasted 00:24:13 (4140 turns).

Krakonus1 the Imperceptible (Felid Monk)            Turns: 4140, Time: 00:24:13

Health: -4/69      AC:  3    Str: 10    XL:     12   Next: 32%
Magic:  13/13      EV: 42    Int: 11    God:    Dithmenos [******]
Gold:   1485       SH:  0    Dex: 27    Spells: 11/11 levels left
                                        Lives:  0   Deaths: 3

rFire    . . .     SeeInvis +     - Unarmed
rCold    + . .     Gourm    .   (shield unavailable)
rNeg     . . .     Faith    .   (armour unavailable)
rPois    .         Spirit   .   (helmet unavailable)
rElec    .         Reflect  .   (cloak unavailable)
rCorr    .         Harm     .   (gloves unavailable)
MR       +....     NoTele   +   (boots unavailable)
Stlth    ++++++++++             (no amulet)
Regen    0.3/turn               l - +3 ring of dexterity
MPRegen  0.2/turn               m - +3 ring of strength

@: wreathed by umbra, quick
A: no armour, no weapons or thrown items, stealth, claws 1, fangs 3, see
invisible, carnivore 3, speed 1, shaggy fur 3, slow metabolism 1, sharp paws
a: Shadow Step, Shadow Form, Renounce Religion


You were in the Dungeon.
You worshipped Dithmenos.
Dithmenos was exalted by your worship.
You were completely stuffed.

You visited 1 branch You collected 1910 gold pieces.
You spent 425 gold pieces at shops.

Inventory:

Jewellery
 l - a +3 ring of dexterity (left paw)
 m - a +3 ring of strength (right paw)
 p - an uncursed ring of poison resistance
 q - an uncursed ring of wizardry
 r - an uncursed ring of see invisible
 t - an uncursed amulet of magic regeneration
Wands
 k - a wand of acid (0/15)
Scrolls
 i - 8 scrolls of remove curse
 j - 2 scrolls of amnesia
 s - 2 scrolls of recharging
Potions
 e - 4 potions of magic
 o - 2 potions of brilliance
Comestibles
 a - 13 meat rations
 b - 8 chunks of flesh


   Skills:
 * Level 18.1 Fighting
 * Level 23.5 Dodging
 * Level 25.7 Stealth
 * Level 18.2 Unarmed Combat


You had 11 spell levels left.
You didn't know any spells.

Dungeon Overview and Level Annotations

Branches:
Dungeon (1/1)

Altars:
Cheibriados
Dithmenos
Elyvilon
Fedhas
Gozag
Hepliaklqana
Kikubaaqudgha
Makhleb
Nemelex Xobeh
Okawaru
Qazlal
Ru
Sif Muna
Trog
Uskayaw
Vehumet
Wu Jian
Xom
Yredelemnul
Zin
The Shining One
Beogh
Jiyva
Lugonu

Shops:
D *([[


Innate Abilities, Weirdness & Mutations

You cannot wear armour.
You are incapable of wielding weapons or throwing items.
Your paws allow you to move quietly. (Stealth)
You have sharp claws.
You have razor-sharp teeth.
You have supernaturally acute eyesight. (SInv)
You are carnivorous and can eat meat at any time.
You cover ground quickly.
Your thick and shaggy fur keeps you warm. (AC +3, rC+)
You have a slow metabolism.
Your sharp claws are effective at attacking unaware monsters.


Message History

The cyan ugly thing is lightly wounded.
Your shadow hits the cyan ugly thing.
The cyan ugly thing completely misses you.
You barely miss the cyan ugly thing.
The cyan ugly thing is lightly wounded.
The cyan ugly thing barely misses you.
You claw the cyan ugly thing!
You bite the cyan ugly thing, but do no damage.
The cyan ugly thing is moderately wounded.
Your shadow hits the cyan ugly thing.
You scratch the cyan ugly thing but do no damage.
The cyan ugly thing is moderately wounded.
Your shadow hits the cyan ugly thing.
The cyan ugly thing completely misses you.
You mangle the cyan ugly thing!! Your claw misses the cyan ugly thing.
The cyan ugly thing is severely wounded.
The cyan ugly thing kicks you.
* * * LOW HITPOINT WARNING * * *
The cyan ugly thing shocks you!
You die...

,,,,,+,,,,,,,,,,,,,+,,,,,,,,,,,,,
*********************************
,,,,,,,,,,,,,,,,,,,,,,,,,,,,,,,,,
*********************************
,,,,,,,,,,,,,,,,,,,,,,,,,,,,,,,,,
*********************************
,,,,,,,,,,,,,,,,,,,,,,,,,,,,,,,,,
▓▓▓▓▓▓▓▓▓▓▓▓▓▓▓▓▓▓▓▓▓************
..)[)........§§§@u§.+,,,,,,,,,,,,
▓▓▓▓▓▓▓▓▓▓▓▓▓▓▓▓▓▓▓▓▓▓▓▓▓▓▓▓▓▓▓▓▓
..)..............................
♣♣♣♣♣♣♣♣♣▓▓▓▓▓▓▓▓▓▓▓▓▓▓▓▓▓▓▓▓▓▓▓▓
.........')....÷÷).)).)))....'.).
♣♣♣♣♣♣♣♣♣▓▓▓▓▓▓▓▓▓▓▓▓▓▓▓▓▓▓▓▓▓▓▓▓
...............................).
▓▓▓▓▓▓▓▓▓▓▓▓▓▓▓▓▓▓▓▓▓▓▓▓▓▓▓▓▓▓▓▓▓
))))))).[[[[[[[[.........?'......


You could see a cyan ugly thing.

Vanquished Creatures
  Rupert (D)
  A nagaraja (D)
  A frost giant (D)
  A stone giant (D)
  A very ugly thing (D)
  Azrael (D)
  An ettin (D)
  A yaktaur captain (D)
  2 ogre magi (D)
  A great orb of eyes (D)
  Erolcha (D)
  A fire dragon (D)
  2 naga warriors (D)
  A ghost crab (D)
  A hydra (D)
  2 centaur warriors (D)
  An alligator (D)
  2 merfolk aquamancers (D)
  2 tengu warriors (D)
  A deep troll earth mage (D)
  8 orc high priests (D)
  A hell knight (D)
  A shock serpent (D)
  3 glowing orange brains (D)
  A naga ritualist (D)
  A shambling mangrove (D)
  6 orc knights (D)
  2 wolf spiders (D)
  3 ugly things (D)
  3 black mambas (D)
  2 naga magi (D)
  4 spiny frogs (D)
  2 gargoyles (D)
  A rime drake (D)
  A yaktaur (D)
  A komodo dragon (D)
  2 demonic crawlers (D)
  5 polar bears (D)
  3 wind drakes (D)
  A troll (D)
  A blink frog (shapeshifter) (D)
  A meliai (shapeshifter) (D)
  5 slime creatures (D)
  A hornet (D)
  A snapping turtle (D)
  3 hippogriffs (D)
  2 water elementals (D)
  A tarantella (D)
  2 wraiths (D)
  3 redbacks (D)
  A yak (D)
  A fire elemental (D)
  A naga (D)
  3 hell hounds (D)
  2 porcupines (D)
  A swamp drake (D)
  3 black bears (D)
  11 orc warriors (D)
  A boggart (D)
  5 crocodiles (D)
  3 bullfrogs (D)
  A jelly (D)
  3 orc priests (D)
  A hound (D)
  6 orc wizards (D)
  A worker ant (D)
  2 adders (D)
  A gnoll (D)
  A shadow imp (D)
  An adder skeleton (D)
  6 orcs (D)
  2 bats (D)
  A bat zombie (D)
  A goblin (D)
  A jackal (D)
  A quokka (D)
  2 kobolds (D)
159 creatures vanquished.

Vanquished Creatures (others)
  A spiny frog (D)
1 creature vanquished.

Grand Total: 160 creatures vanquished

Notes
Turn   | Place    | Note
-------+----------+-------------------------------------------
     0 | D        | Krakonus1 the Felid Monk began the quest for the Orb.
     0 | D        | Reached XP level 1. HP: 10/10 MP: 2/2
     4 | D        | Reached skill level 3 in Stealth
     6 | D        | Reached skill level 4 in Stealth
    16 | D        | Reached skill level 5 in Stealth
   240 | D        | Noticed an orc priest
   240 | D        | Noticed a worker ant
   242 | D        | Reached skill level 7 in Stealth
   242 | D        | Reached XP level 2. HP: 14/14 MP: 3/3
   244 | D        | Reached skill level 10 in Stealth
   244 | D        | Reached XP level 3. HP: 17/17 MP: 4/4
   249 | D        | Reached skill level 11 in Stealth
   256 | D        | Reached XP level 4. HP: 13/21 MP: 5/5
   367 | D        | Found a roughly hewn altar of Beogh.
   367 | D        | Found a snail-covered altar of Cheibriados.
   367 | D        | Found a shadowy altar of Dithmenos.
   367 | D        | Found a white marble altar of Elyvilon.
   367 | D        | Found a blossoming altar of Fedhas.
   367 | D        | Found an opulent altar of Gozag.
   368 | D        | Found a hazy altar of Hepliaklqana.
   369 | D        | Found a viscous altar of Jiyva.
   370 | D        | Found an ancient bone altar of Kikubaaqudgha.
   371 | D        | Found a corrupted altar of Lugonu.
   372 | D        | Became a worshipper of Dithmenos the Shadowed
   372 | D        | Reached * piety under Dithmenos
   372 | D        | Reached ** piety under Dithmenos
   373 | D        | Found a burning altar of Makhleb.
   374 | D        | Found a sparkling altar of Nemelex Xobeh.
   375 | D        | Found an iron altar of Okawaru.
   376 | D        | Found a stormy altar of Qazlal.
   377 | D        | Found a sacrificial altar of Ru.
   378 | D        | Found a deep blue altar of Sif Muna.
   379 | D        | Found a bloodstained altar of Trog.
   380 | D        | Found a hide-covered altar of Uskayaw.
   381 | D        | Found a radiant altar of Vehumet.
   382 | D        | Found an ornate altar of the Wu Jian Council.
   383 | D        | Found a shimmering altar of Xom.
   384 | D        | Found a basalt altar of Yredelemnul.
   385 | D        | Found a glowing silver altar of Zin.
   386 | D        | Found a glowing golden altar of the Shining One.
   412 | D        | Noticed a crocodile
   414 | D        | Reached skill level 12 in Stealth
   416 | D        | Reached skill level 13 in Stealth
   428 | D        | Killed a crocodile
   428 | D        | Reached skill level 15 in Stealth
   428 | D        | Reached XP level 5. HP: 24/24 MP: 6/6
   442 | D        | Reached *** piety under Dithmenos
   585 | D        | Noticed a gargoyle
   585 | D        | Noticed a troll
   585 | D        | Noticed a gargoyle
   585 | D        | Noticed a crocodile
   585 | D        | Noticed a slime creature
   587 | D        | Killed a gargoyle
   587 | D        | Reached skill level 5 in Fighting
   587 | D        | Reached skill level 16 in Stealth
   587 | D        | Reached skill level 5 in Unarmed Combat
   587 | D        | Gained mutation: You are covered in thick fur. (AC +2) [Felid growth]
   587 | D        | Reached XP level 6. HP: 30/30 MP: 7/7
   589 | D        | Killed a troll
   589 | D        | Reached skill level 10 in Dodging
   589 | D        | Reached XP level 7. HP: 34/34 MP: 8/8
   591 | D        | Reached **** piety under Dithmenos
   593 | D        | Killed a gargoyle
   593 | D        | Reached skill level 17 in Stealth
   593 | D        | Reached XP level 8. HP: 39/39 MP: 9/9
   602 | D        | Killed a slime creature
   739 | D        | Noticed a black mamba
   739 | D        | Noticed a hippogriff
   739 | D        | Noticed a spiny frog
   740 | D        | Noticed a rime drake
   741 | D        | Reached ***** piety under Dithmenos
   742 | D        | Noticed a five-headed hydra
   743 | D        | Killed a black mamba
   744 | D        | Noticed a hippogriff
   745 | D        | Reached skill level 18 in Stealth
   755 | D        | Killed a hippogriff
   763 | D        | Killed a five-headed hydra
   763 | D        | Reached XP level 9. HP: 45/45 MP: 10/10
   763 | D        | Killed a spiny frog
   763 | D        | Reached skill level 15 in Dodging
   776 | D        | Killed a rime drake
   787 | D        | Reached skill level 19 in Stealth
   958 | D        | Noticed a black mamba
   958 | D        | Noticed a komodo dragon
   958 | D        | Noticed a spiny frog
   964 | D        | Killed a black mamba
   964 | D        | Reached ****** piety under Dithmenos
   966 | D        | Killed a komodo dragon
   966 | D        | Reached skill level 10 in Fighting
   966 | D        | Reached skill level 10 in Unarmed Combat
   966 | D        | Reached XP level 10. HP: 51/51 MP: 11/11
   970 | D        | Killed a spiny frog
  1341 | D        | Noticed an orc knight
  1379 | D        | Killed an orc knight
  1379 | D        | Reached skill level 20 in Stealth
  1381 | D        | Noticed an orc knight
  1394 | D        | HP: 3/53 [orc warrior/halberd (10)]
  1412 | D        | Killed an orc knight
  1412 | D        | Reached XP level 11. HP: 21/57 MP: 12/12
  1614 | D        | Found Pybauj's Assorted Antiques.
  1614 | D        | Noticed an orc high priest
  1614 | D        | Noticed an orc high priest
  1614 | D        | Noticed an orc knight
  1614 | D        | Noticed an orc knight
  1614 | D        | Noticed an orc high priest
  1615 | D        | Noticed an orc knight
  1633 | D        | Killed an orc high priest
  1645 | D        | Killed an orc high priest
  1650 | D        | Killed an orc knight
  1657 | D        | Killed an orc knight
  1657 | D        | Found Japnukha's Weapon Shoppe.
  1658 | D        | Noticed an orc high priest
  1658 | D        | Noticed an orc high priest
  1664 | D        | Killed an orc high priest
  1668 | D        | Demolished by an orc knight
  1669 | D        | Reached XP level 10. HP: -16/55 MP: 11/11
  1671 | D        | Noticed Erolcha
  1678 | D        | Killed Erolcha
  1762 | D        | Found Ihacwefo's Armour Shoppe.
  1762 | D        | Noticed an orc knight
  1762 | D        | Noticed an orc high priest
  1762 | D        | Noticed an orc high priest
  1762 | D        | Noticed an orc high priest
  1764 | D        | Killed an orc high priest
  1765 | D        | Found Otiet Jig's Antique Armour Emporium.
  1766 | D        | Killed an orc high priest
  1766 | D        | Reached skill level 21 in Stealth
  1768 | D        | Killed an orc high priest
  1768 | D        | Reached XP level 11. HP: 59/59 MP: 12/12
  1770 | D        | Killed an orc knight
  1774 | D        | Noticed an orc knight
  1780 | D        | Killed an orc knight
  1783 | D        | Noticed a sun demon
  1785 | D        | Killed an orc high priest
  1803 | D        | Killed an orc high priest
  1873 | D        | Bought a potion of heal wounds for 85 gold pieces
  1873 | D        | Bought a potion of might for 68 gold pieces
  1873 | D        | Bought a scroll labeled NIBYERPHY GITRE for 17 gold pieces
  1873 | D        | Bought a scroll of remove curse for 51 gold pieces
  1873 | D        | Bought a potion of heal wounds for 85 gold pieces
  1873 | D        | Bought a scroll labeled ASHRAJ DIYWIE for 17 gold pieces
  1873 | D        | Bought a potion of curing for 51 gold pieces
  1873 | D        | Bought a scroll of remove curse for 51 gold pieces
  2022 | D        | Noticed a cyan ugly thing
  2027 | D        | Noticed an orb spider
  2028 | D        | Killed a cyan ugly thing
  2029 | D        | Noticed a purple ugly thing
  2031 | D        | Noticed an ettin
  2033 | D        | Noticed an ogre mage
  2035 | D        | Noticed a great orb of eyes
  2037 | D        | an orb spider changed into a basilisk
  2051 | D        | Noticed a hell knight
  2057 | D        | Killed a purple ugly thing
  2057 | D        | Reached skill level 22 in Stealth
  2063 | D        | Killed an ettin
  2076 | D        | Killed an ogre mage
  2076 | D        | Reached skill level 20 in Dodging
  2083 | D        | Killed a great orb of eyes
  2083 | D        | Reached skill level 15 in Unarmed Combat
  2089 | D        | Killed a hell knight
  2089 | D        | Reached skill level 15 in Fighting
  2231 | D        | Noticed Azrael
  2257 | D        | Killed Azrael
  2257 | D        | Gained mutation: Your thick and shaggy fur keeps you warm. (AC +3, rC+) [Felid growth]
  2257 | D        | Reached XP level 12. HP: 39/66 MP: 13/13
  2447 | D        | Noticed a ghost crab
  2448 | D        | Noticed an alligator
  2451 | D        | Killed a ghost crab
  2456 | D        | Reached skill level 23 in Stealth
  2471 | D        | Killed an alligator
  2750 | D        | Noticed a nagaraja
  2750 | D        | Noticed a naga warrior
  2752 | D        | Killed a nagaraja
  2755 | D        | Noticed a naga warrior
  2767 | D        | Killed a naga warrior
  2784 | D        | HP: 1/67 [something (13)]
  2792 | D        | Killed from afar by a naga warrior
  2793 | D        | Reached XP level 11. HP: -2/63 MP: 12/12
  2873 | D        | Killed a naga warrior
  2873 | D        | Reached skill level 24 in Stealth
  2886 | D        | Killed a naga ritualist
  3038 | D        | Noticed a merfolk aquamancer
  3117 | D        | Noticed a merfolk aquamancer
  3120 | D        | Killed a merfolk aquamancer
  3120 | D        | Reached XP level 12. HP: 49/67 MP: 13/13
  3494 | D        | Killed a merfolk aquamancer
  3753 | D        | Noticed Rupert
  3775 | D        | Killed Rupert
  3814 | D        | Noticed a centaur warrior
  3814 | D        | Noticed a deep troll earth mage
  3814 | D        | Noticed a tengu warrior
  3814 | D        | Noticed a fire dragon
  3818 | D        | Noticed a stone giant
  3821 | D        | Killed a centaur warrior
  3828 | D        | Killed a deep troll earth mage
  3829 | D        | Noticed a frost giant
  3834 | D        | Killed a tengu warrior
  3843 | D        | Killed a fire dragon
  3843 | D        | Reached skill level 25 in Stealth
  3850 | D        | Killed a stone giant
  3852 | D        | Noticed an ogre mage
  3878 | D        | Mangled by a frost giant
  3879 | D        | Reached XP level 11. HP: -9/64 MP: 12/12
  3901 | D        | Killed a frost giant
  4052 | D        | Noticed a cyan very ugly thing
  4053 | D        | Noticed a yaktaur captain
  4059 | D        | Killed a glowing orange brain
  4070 | D        | Noticed a tengu warrior
  4078 | D        | Killed a cyan very ugly thing
  4078 | D        | Reached XP level 12. HP: 29/69 MP: 13/13
  4088 | D        | Killed a yaktaur captain
  4092 | D        | Killed an ogre mage
  4107 | D        | Killed a tengu warrior
  4122 | D        | Noticed a centaur warrior
  4135 | D        | Killed a centaur warrior
  4140 | D        | Slain by a cyan ugly thing

Vault maps used:
D:        linesprint

Skill      XL: |  1  2  3  4  5  6  7  8  9 10 11 12 |
---------------+-------------------------------------+-----
Stealth        | 7 10 11 15 16 17 18 19 21 24 25 | 25.7
Fighting       | 5 6 8 10 12 15 18 | 18.1
Dodging        | 8 10 11 14 16 19 23 21 | 23.5
Unarmed Combat | 5 6 8 10 12 15 18 | 18.2

Action                   |  1- 3 |  4- 6 |  7- 9 | 10-12 || total
-------------------------+-------+-------+-------+-------++-------
Melee: Unarmed           |    31 |    32 |    55 |   536 ||   654
       Punch             |     1 |       |     3 |    48 ||    52
       Bite              |       |     6 |     7 |    91 ||   104
Evoke: Wand              |       |       |     6 |     1 ||     7
  Use: Potion            |     1 |       |     1 |    22 ||    24
       Scroll            |       |       |     1 |     8 ||     9
 Stab: Sleeping          |     1 |     4 |     8 |    29 ||    42
       Distracted        |     1 |       |     1 |     5 ||     7
       Invisible         |       |       |       |     6 ||     6
  Eat: Chunk             |       |     7 |     1 |    20 ||    28
Armor: Skin              |       |       |       |     2 ||     2
Dodge: Dodged            |    23 |    27 |    61 |   446 ||   557
